 Dungeon Crawl Stone Soup version 0.29.0-4-gdea44cf6ec (webtiles) character file.

Game seed: 9410212310997044498

238 qw the Chopper (level 6, 0/35 HPs)
             Began as a Tengu Warper on Aug 28, 2022.
             Slain by Pikel
             ... wielding a +2 whip of freezing
              (5 damage)
             ... on level 4 of the Dungeon.
             The game lasted 00:00:21 (4060 turns).

qw the Chopper (Tengu Warper)                       Turns: 4060, Time: 00:00:22

Health: 0/35       AC:  9    Str: 13    XL:     6   Next: 7%
Magic:  10/10      EV:  7    Int: 14    God:
Gold:   179        SH:  0    Dex: 13    Spells: 9/9 levels left

rFire   . . .      SeeInvis .   Y - +0 hand axe
rCold   . . .      Faith    .   (no shield)
rNeg    . . .      Spirit   .   o - +0 chain mail
rPois   +          Reflect  .   (helmet restricted)
rElec   .          Harm     .   (no cloak)
rCorr   .          Rampage  .   (no gloves)
Will    .....                   (boots unavailable)
Stlth   ..........              g - amulet of the acrobat
HPRegen 0.11/turn               p - ring of poison resistance
MPRegen 0.12/turn               (no ring)

@: about to teleport, flying quickly and evasively, quick
A: beak, talons 3, nimble flight, shaggy fur 1
a: no special abilities


You were on level 4 of the Dungeon.
You visited 1 branch of the dungeon, and saw 4 of its levels.

You collected 215 gold pieces.
You spent 36 gold pieces at shops.


Innate Abilities, Weirdness & Mutations

You have a beak for a mouth.
You have claws for feet.
Your magical nature lets you fly swiftly and evasively.
You are covered in fur. (AC +1)


   Skills:
 - Level 2.0 Fighting
 + Level 6.3 Axes
 - Level 1.0 Throwing
 - Level 2.4 Armour
 - Level 2.1 Dodging
 - Level 2.0 Spellcasting
 - Level 2.4 Translocations


You had 9 spell levels left.
You didn't know any spells.
Your spell library contained the following spells:

 Spells                   Type           Power      Damage    Failure   Level
 Blink                    Tloc           16%        N/A       99%         2
 Gell's Gravitas          Tloc           8%         N/A       100%        3
 Lesser Beckoning         Tloc           8%         N/A       100%        3
 Teleport Other           Tloc           8%         N/A       100%        3
 Manifold Assault         Tloc           8%         N/A       100%        5

Inventory:

Hand Weapons
 i - a +0 mace
 Y - a +0 hand axe (weapon)
Armour
 o - a +0 chain mail (worn)
Jewellery
 g - an amulet of the acrobat (around neck)
 j - a ring of ice
 p - a ring of poison resistance (left hand)
Scrolls
 e - 2 scrolls of identify
 m - a scroll of teleportation
Potions
 a - a potion of might
 c - 2 potions of haste
 d - a potion of mutation
 f - a potion of lignification {unknown}
 h - a potion of curing {unknown}
 k - a potion of brilliance {unknown}
 l - a potion of degeneration {unknown}

Dungeon Overview and Level Annotations

Branches:
Dungeon (4/15)
 Temple: D:4-7

Altars:
Sif Muna
Vehumet
Xom

Shops:
D:1 :?=*

Annotations:
D:3 2 runed translucent doors
D:4 Pikel


Message History

You kill the hobgoblin!
You hit Pikel. Your peck misses Pikel.
Pikel is lightly wounded.
Pikel closely misses you.
You hit Pikel but do no damage.
Pikel is lightly wounded.
Pikel hits you with a +2 whip of freezing.
Pikel freezes you.
A lemure comes into view.
4053 ||| Stepping ~*~*~tactically~*~*~ (stealth).
You hit Pikel but do no damage. Your kick misses Pikel.
Pikel is lightly wounded.
Pikel hits you with a +2 whip of freezing.
Pikel freezes you.
You hit Pikel but do no damage. You claw Pikel.
You peck Pikel, but do no damage.
Pikel is lightly wounded.
Pikel hits you with a +2 whip of freezing.
Pikel freezes you.
You completely miss Pikel. Your kick misses Pikel. Your peck misses Pikel.
Pikel is lightly wounded.
Pikel hits you with a +2 whip of freezing.
Pikel freezes you.
You hit Pikel. You claw Pikel, but do no damage. Your peck misses Pikel.
Pikel is lightly wounded.
Pikel hits you with a +2 whip of freezing.
Pikel freezes you.
You closely miss Pikel. You claw Pikel. Your peck misses Pikel.
Pikel is moderately wounded.
Pikel says, "You'll feel the lick of my whip!"
Pikel hits you with a +2 whip of freezing.
Pikel freezes you.
4059 ||| READING 2 scrolls of teleportation.
As you read the scroll of teleportation, it crumbles to dust.
You feel strangely unstable. Pikel hits you but does no damage.
You slash Pikel! Your kick misses Pikel. Your peck misses Pikel.
Pikel is moderately wounded.
Pikel hits you with a +2 whip of freezing.
You die...

............#
#.###
#####.#.....#
#.#.. #.#######
#.#.# #.# #.#.#
#.# #.#.####
#.#########......#
#.............##.#
#############.#
.......@.#
#######K##
#.....%55.55#
#.#..##.##### ##
..# ###


You could see Pikel and 2 lemures.

Vanquished Creatures
  An ogre (D:3)
  A lemure (D:4)
  An iguana (D:4)
  A gnoll (D:1)
  5 adders
  A worm (D:3)
  A dart slug (D:2)
  3 orcs
  7 endoplasms
  2 goblins
  7 hobgoblins
  5 jackals
  11 kobolds
  A quokka (D:4)
  9 ball pythons
  3 bats
  3 frilled lizards
  7 rats
69 creatures vanquished.

Notes
Turn   | Place    | Note
-------+----------+-------------------------------------------
     0 | D:1      | qw the Tengu Warper began the quest for the Orb.
     0 | D:1      | Reached XP level 1. HP: 12/12 MP: 4/4
     0 | D:1      | 0 ||| qw: Version: 0.1-a-89-g26bdef1
     0 | D:1      | 0 ||| qw: Game counter: 2286
     0 | D:1      | 0 ||| qw: Always use a shield: true
     0 | D:1      | 0 ||| qw: God list: Okawaru
     0 | D:1      | 0 ||| qw: Allow faded altars: false
     0 | D:1      | 0 ||| qw: Do Orc after D:15 true
     0 | D:1      | 0 ||| qw: Do second Lair branch before Depths: true
     0 | D:1      | 0 ||| qw: Lair rune preference: random
     0 | D:1      | 0 ||| qw: Plans: Normal
     0 | D:1      | 0 ||| PLANNING D:1-11
    24 | D:1      | Reached skill level 3 in Axes
    24 | D:1      | Reached XP level 2. HP: 11/17 MP: 6/6
    28 | D:1      | 28 ||| Stepping ~*~*~tactically~*~*~ (stealth).
   232 | D:1      | Found Uclio's Jewellery Boutique.
   242 | D:1      | 242 ||| SHOPLISTING +4 ring of slaying (1014 gold, have
                  | 11).
   242 | D:1      | 242 ||| SHOPLISTING amulet of reflection (390 gold, have
                  | 11).
   242 | D:1      | 242 ||| SHOPLISTING amulet of regeneration (390 gold, have
                  | 11).
   242 | D:1      | 242 ||| SHOPLISTING ring "Erghum" {Fly Str+4} (427 gold,
                  | have 11).
   242 | D:1      | 242 ||| SHOPLISTING ring "Gighaw" {rF+ Str+4 Int+6 Dex-4}
                  | (650 gold, have 11).
   242 | D:1      | 242 ||| SHOPLISTING ring of protection from cold (325 gold,
                  | have 11).
   291 | D:1      | Found Ruteas Kof's Magic Scroll Shoppe.
   292 | D:1      | Found Qewiofaj's Book Shoppe.
   367 | D:1      | 367 ||| SHOPLISTING scroll of identify (20 gold, have 13).
   367 | D:1      | 367 ||| SHOPLISTING scroll of teleportation (30 gold, have
                  | 13).
   419 | D:1      | Found a faded altar of an unknown god.
   783 | D:1      | Found Ebon's Assorted Antiques.
   793 | D:1      | 793 ||| SHOPLISTING flail (73 gold, have 49).
   793 | D:1      | 793 ||| BUYING lumpy cyan potion (18 gold).
   793 | D:1      | Bought a lumpy cyan potion for 18 gold pieces
   793 | D:1      | 793 ||| BUYING sapphire potion (18 gold).
   793 | D:1      | Bought a sapphire potion for 18 gold pieces
   793 | D:1      | 793 ||| SHOPLISTING scroll labelled EDEATHR SEPSUA (21
                  | gold, have 13).
   793 | D:1      | 793 ||| SHOPLISTING scroll labelled JUL ZUJUOCS (21 gold,
                  | have 13).
   793 | D:1      | 793 ||| SHOPLISTING scroll labelled RAORUCIUSS (21 gold,
                  | have 13).
   902 | D:1      | 902 ||| READING scroll labelled TYRUZA QEMET.
   907 | D:1      | 907 ||| READING 2 scrolls labelled KARHARPHERGH.
   908 | D:1      | 908 ||| READING scroll labelled ISTOEBLIT.
   909 | D:1      | 909 ||| READING scroll labelled JAOMUN DAYCROG.
   910 | D:1      | 910 ||| DRINKING 2 lumpy cyan potions.
   910 | D:1      | Gained mutation: You are covered in fur. (AC +1) [potion of
                  | mutation]
   911 | D:1      | 911 ||| DROPPING scroll of blinking.
   912 | D:1      | 912 ||| DROPPING scroll of noise.
   970 | D:2      | Reached XP level 3. HP: 7/21 MP: 7/7
   971 | D:2      | HP: 5/21 [poisoned by an adder]
  1274 | D:2      | Reached skill level 4 in Axes
  1577 | D:2      | 1577 ||| Stepping ~*~*~tactically~*~*~ (hiding).
  1710 | D:2      | 1710 ||| Stepping ~*~*~tactically~*~*~ (stealth).
  1773 | D:2      | 1773 ||| Stepping ~*~*~tactically~*~*~ (stealth).
  1777 | D:2      | Found the +18 Lear's hauberk
  2359 | D:2      | Reached XP level 4. HP: 22/26 MP: 8/8
  2410 | D:2      | 2410 ||| UPGRADING to amulet of the acrobat.
  2415 | D:2      | 2415 ||| READING 2 scrolls labelled JUL ZUJUOCS.
  2416 | D:2      | 2416 ||| DRINKING 3 glowing blue potions.
  2538 | D:3      | Noticed an ogre
  2541 | D:3      | 2541 ||| Stepping ~*~*~tactically~*~*~ (stealth).
  2548 | D:3      | Killed an ogre
  2549 | D:3      | Reached skill level 5 in Axes
  2549 | D:3      | Gained mutation: Your magical nature lets you fly swiftly
                  | and evasively. [Tengu growth]
  2549 | D:3      | Reached XP level 5. HP: 13/30 MP: 9/9
  2562 | D:3      | 2562 ||| Stepping ~*~*~tactically~*~*~ (stealth).
  2758 | D:3      | Reached skill level 6 in Axes
  2792 | D:3      | 2792 ||| Stepping ~*~*~tactically~*~*~ (stealth).
  2797 | D:3      | 2797 ||| Stepping ~*~*~tactically~*~*~ (stealth).
  2798 | D:3      | 2798 ||| Stepping ~*~*~tactically~*~*~ (stealth).
  2800 | D:3      | 2800 ||| Stepping ~*~*~tactically~*~*~ (stealth).
  2801 | D:3      | 2801 ||| Stepping ~*~*~tactically~*~*~ (stealth).
  2802 | D:3      | 2802 ||| Stepping ~*~*~tactically~*~*~ (stealth).
  2804 | D:3      | 2804 ||| Stepping ~*~*~tactically~*~*~ (stealth).
  2865 | D:3      | Found a large runed translucent door.
  2866 | D:3      | Found a large runed translucent door.
  2866 | D:3      | Found a shimmering altar of Xom.
  2979 | D:3      | 2979 ||| Stepping ~*~*~tactically~*~*~ (stealth).
  2981 | D:3      | 2981 ||| Stepping ~*~*~tactically~*~*~ (stealth).
  2983 | D:3      | 2983 ||| Stepping ~*~*~tactically~*~*~ (stealth).
  2992 | D:3      | 2992 ||| Stepping ~*~*~tactically~*~*~ (stealth).
  2994 | D:3      | 2994 ||| Stepping ~*~*~tactically~*~*~ (stealth).
  2996 | D:3      | 2996 ||| Stepping ~*~*~tactically~*~*~ (stealth).
  3004 | D:3      | 3004 ||| Stepping ~*~*~tactically~*~*~ (stealth).
  3005 | D:3      | 3005 ||| Stepping ~*~*~tactically~*~*~ (stealth).
  3454 | D:3      | 3454 ||| UPGRADING to +0 chain mail.
  3464 | D:3      | 3464 ||| DROPPING +0 leather armour.
  3465 | D:3      | 3465 ||| UPGRADING to ring of poison resistance.
  3466 | D:3      | 3466 ||| READING scroll labelled HYIMON PAOQAM.
  3467 | D:3      | 3467 ||| DRINKING 2 amethyst potions.
  3568 | D:3      | 3568 ||| READING 2 scrolls of identify.
  3568 | D:3      | 3568 ||| IDENTIFYING lumpy clear potion
  3569 | D:3      | 3569 ||| DROPPING potion of ambrosia.
  3607 | D:4      | 3607 ||| Stepping ~*~*~tactically~*~*~ (stealth).
  3714 | D:4      | Found a shimmering blue altar of Sif Muna.
  3715 | D:4      | Found a radiant altar of Vehumet.
  3768 | D:4      | 3768 ||| Stepping ~*~*~tactically~*~*~ (stealth).
  3770 | D:4      | 3770 ||| Stepping ~*~*~tactically~*~*~ (stealth).
  3788 | D:4      | Reached XP level 6. HP: 20/35 MP: 10/10
  3788 | D:4      | 3788 ||| FLEEEEING.
  3790 | D:4      | 3790 ||| FLEEEEING.
  3791 | D:4      | 3791 ||| FLEEEEING.
  3792 | D:4      | 3792 ||| FLEEEEING.
  3793 | D:4      | 3793 ||| FLEEEEING.
  3794 | D:4      | 3794 ||| FLEEEEING.
  3795 | D:4      | 3795 ||| FLEEEEING.
  3798 | D:4      | 3798 ||| FLEEEEING.
  3799 | D:4      | 3799 ||| FLEEEEING.
  3802 | D:4      | 3802 ||| FLEEEEING.
  3803 | D:4      | 3803 ||| FLEEEEING.
  4047 | D:4      | Noticed Pikel
  4053 | D:4      | 4053 ||| Stepping ~*~*~tactically~*~*~ (stealth).
  4058 | D:4      | HP: 7/35 [Pikel/+2 whip of freezing (4)]
  4059 | D:4      | 4059 ||| READING 2 scrolls of teleportation.
  4060 | D:4      | Slain by Pikel

Levels and vault maps discovered:
D:1:      shiori_shiawase, layout_basic, basic_ecumenical_altar, serial_shops,
          shop, nicolae_shop_waterfront, nicolae_lakefront_shop, shop_scrolls
D:2:      layout_basic, minmay_crystal_room, chequers_arboretum,
          chequers_serial_rivers_micro_c, minmay_pentomino_w2
D:3:      due_chaos_kobolds, layout_basic
D:4:      layout_basic, nicolae_overflow_two_pavilions, uniq_pikel

Skill      XL: |  1  2  3  4  5 |
---------------+----------------+-----
Axes           | 3 4 5 6 |  6.3
Armour         | 2 |  2.4
Fighting       | |  2.0
Throwing       | |  1.0
Dodging        | |  2.1
Spellcasting   | |  2.0
Translocations | |  2.4

Action                   |  1- 3 |  4- 6 || total
-------------------------+-------+-------++-------
Melee: Hand axe          |    88 |    90 ||   178
       Kick              |    20 |    29 ||    49
       Peck              |     5 |     9 ||    14
       Punch             |     2 |       ||     2
Throw: Boomerang         |     7 |       ||     7
  Use: Scroll            |     4 |     4 ||     8
       Potion            |     1 |     2 ||     3
Armor: Leather armour    |    15 |     3 ||    18
       Chain mail        |       |    20 ||    20
Dodge: Dodged            |    41 |    33 ||    74

Table legend:
 A = Non-vault XP
 B = Vault XP
 C = Vault XP percentage of total XP
 D = Non-vault monster count
 E = Vault monster count
 F = Vault count percentage of total count
                 A         B        C        D         E       F
            +---------+---------+-------+---------+---------+-------
      Total |     338 |       3 |   0.9 |      66 |       2 |   2.9
            +---------+---------+-------+---------+---------+-------
        D:1 |      30 |       0 |   0.0 |      13 |       0 |   0.0
        D:2 |      49 |       3 |   5.8 |      21 |       2 |   8.7
        D:3 |     192 |       0 |   0.0 |      22 |       0 |   0.0
        D:4 |      67 |       0 |   0.0 |      10 |       0 |   0.0
            +---------+---------+-------+---------+---------+-------
